 Dungeon Crawl Stone Soup version 0.21-a0-273-g0785366 (webtiles) character file.

30977 nikopol the Eclecticist (level 13, -2/66 HPs)
             Began as a Deep Elf Fire Elementalist on Sept 17, 2017.
             Was a High Priest of Sif Muna.
             Slain by a white ugly thing (49 damage)
             ... on level 14 of the Dungeon on Sept 18, 2017.
             The game lasted 02:07:39 (18179 turns).

nikopol the Eclecticist (DEFE)                     Turns: 18179, Time: 02:07:40

Health: -2/66      AC:  7    Str:  5    XL:     13   Next: 23%
Magic:  8/35       EV: 16    Int: 26    God:    Sif Muna [*****.]
Gold:   445        SH:  0    Dex: 18    Spells: 10/45 levels left

rFire    + . .     SeeInvis .   w - +2 short sword (protect)
rCold    x . .     Gourm    .   (no shield)
rNeg     . . .     Faith    +   a - +0 robe
rPois    .         Spirit   .   v - +0 helmet
rElec    .         Reflect  .   T - +1 cloak
rCorr    .         Harm     .   Q - +0 pair of gloves {Dex+3}
MR       ++...                  R - +0 pair of boots
Stlth    +++.......             h - amulet of faith
HPRegen  0.21/turn              q - ring of fire
MPRegen  0.24/turn              F - ring of protection from magic

@: starving
A: no striking features
a: Divine Energy, Channel Magic, Forget Spell, Renounce Religion


You were on level 14 of the Dungeon.
You worshipped Sif Muna.
Sif Muna was extremely pleased with you.
You were starving.

You visited 1 branch of the dungeon, and saw 13 of its levels.

You collected 575 gold pieces.
You spent 130 gold pieces at shops.

Inventory:

Hand Weapons
 w - a +2 short sword of protection (weapon)
Armour
 a - a +0 robe (worn)
 v - a +0 helmet (worn)
 Q - a +0 pair of gloves of dexterity (worn)
 R - a +0 pair of boots (worn)
 T - a +1 cloak (worn)
Jewellery
 h - an amulet of faith (around neck)
 q - a ring of fire (left hand)
 F - a ring of protection from magic (right hand)
 I - an uncursed ring of poison resistance
Wands
 b - a wand of acid (4/15)
 j - a wand of clouds (1/9)
 B - a wand of acid (3/15)
 C - a wand of iceblast (12/15)
 H - a wand of lightning (6/15)
 M - a wand of polymorph (3/24)
 U - a wand of disintegration (11/24)
Scrolls
 e - a scroll of noise {unknown}
 i - a scroll of enchant armour {unknown}
 l - a scroll of random uselessness {unknown}
 m - a scroll of magic mapping {unknown}
 n - a scroll of recharging
 o - a scroll of fog {unknown}
 p - a scroll of amnesia {unknown}
 r - 3 scrolls of remove curse
 z - a scroll of teleportation
 D - a scroll of immolation {unknown}
 L - a scroll of acquirement {unknown}
 N - a scroll of enchant weapon {unknown}
Potions
 d - 6 potions of curing
 g - 2 potions of lignification {unknown}
 t - a potion of mutation {unknown}
 u - 2 potions of might {unknown}
 x - 6 potions of flight
 A - 2 potions of haste {unknown}
 E - a potion of agility {unknown}
 J - a potion of degeneration {unknown}
 K - a potion of ambrosia {unknown}
 O - 2 potions of heal wounds
 P - a potion of brilliance {unknown}
Books
 s - Sif Muna's Reference Book on Captivating Fire
   (Sif Muna gifted it to you on level 14 of the Dungeon)

   Spells                             Type                      Level
   a - Dazzling Spray                 Conjuration/Hexes            3
   b - Sticky Flame                   Conjuration/Fire             4
   c - Summon Mana Viper              Hexes/Summoning              5
   d - Bolt of Fire                   Conjuration/Fire             6
   e - Ring of Flames                 Charms/Fire                  7
   f - Fire Storm                     Conjuration/Fire             9
 y - a Young Poisoner's Handbook

   Spells                             Type                      Level
   a - Sting                          Conjuration/Poison           1
   b - Poisonous Vapours              Poison/Air                   2
   c - Mephitic Cloud                 Conjuration/Poison/Air       3
   d - Olgreb's Toxic Radiance        Poison                       4
   e - Venom Bolt                     Conjuration/Poison           5
 S - a book of Battle

   Spells                             Type                      Level
   a - Infusion                       Charms                       1
   b - Shroud of Golubria             Charms/Translocation         2
   c - Song of Slaying                Charms                       2
   d - Spectral Weapon                Hexes/Charms                 3
   e - Regeneration                   Charms/Necromancy            3
 V - a book of Dreams

   Spells                             Type                      Level
   a - Ensorcelled Hibernation        Hexes/Ice                    2
   b - Silence                        Hexes/Air                    5
   c - Darkness                       Hexes                        6
   d - Shadow Creatures               Summoning                    6
 W - a book of Death

   Spells                             Type                      Level
   a - Corpse Rot                     Necromancy                   2
   b - Sublimation of Blood           Necromancy                   2
   c - Agony                          Necromancy                   5
   d - Dispel Undead                  Necromancy                   5
   e - Excruciating Wounds            Charms/Necromancy            5
   f - Bolt of Draining               Conjuration/Necromancy       5
 Z - a book of Power

   Spells                             Type                      Level
   a - Iskenderun's Battlesphere      Conjuration/Charms           5
   b - Venom Bolt                     Conjuration/Poison           5
   c - Bolt of Magma                  Conjuration/Fire/Earth       5
   d - Iron Shot                      Conjuration/Earth            6
   e - Orb of Destruction             Conjuration                  7
   f - Spellforged Servitor           Conjuration/Summoning        7
Comestibles
 c - a bread ration
 f - 11 royal jellies
 k - 7 meat rations
 Y - 12 fruits


   Skills:
 + Level 1.7 Fighting
 + Level 1.5 Short Blades
 + Level 5.9 Dodging
 + Level 5.3 Stealth
 + Level 16.8 Spellcasting
 + Level 12.8 Conjurations
 + Level 13.4 Fire Magic
 + Level 0.4 Evocations


You had 10 spell levels left.
You knew the following spells:

 Your Spells              Type           Power        Failure   Level  Hunger
a - Flame Tongue          Conj/Fire      #####        0%          1    None
b - Throw Flame           Conj/Fire      ######       0%          2    None
c - Conjure Flame         Conj/Fire      #######.     1%          3    None
d - Fireball              Conj/Fire      #######...   1%          5    None
e - Ensorcelled Hibernat  Hex/Ice        ###...       3%          2    None
f - Orb of Destruction    Conj           ######....   10%         7    #####..
g - Fire Storm            Conj/Fire      #######...   100%        9    #######
h - Bolt of Fire          Conj/Fire      #######...   1%          6    ###....


Dungeon Overview and Level Annotations

Branches:
Dungeon (14/15)            Temple (0/1) D:6             Orc (0/2) D:10
 Vaults (0/5) D:14
   Lair: D:8-11

Altars:
Dithmenos
Elyvilon
Fedhas
Gozag
Makhleb
Nemelex Xobeh
Okawaru
Sif Muna
Vehumet
Wu Jian
Xom
Yredelemnul
Beogh

Shops:
D:6 [   D:9 ?

Annotations:
D:6 Dowan, Duvessa
D:7 1 runed door


Message History

You can't go up here!
The centaur warrior shouts!
You hear a shout! x2
The centaur warrior wields a longbow.
The centaur warrior shoots an arrow.
The arrow hits you!
The white ugly thing claws you but does no damage.
You climb downwards.
There is a stone staircase leading up here.
The white ugly thing closely misses you.
Casting: Bolt of Fire
Confirm with . or Enter, or press ? or * to list all spells.
Aiming: Bolt of Fire
Press: ? - help, Shift-Dir - straight line, f - white ugly thing
Aim: a white ugly thing (severely wounded)
You feel a surge of power!
The bolt of fire misses the white ugly thing.
You are starving!
The white ugly thing claws you. The white ugly thing freezes you!!!
You feel a terrible chill!
Ouch! That really hurt!
You die...

#################################
.................................
.................................
.[.........<...u@................
.G...............................
##...............................
#...............##....###.....##
###.##..###.....##....###.....##
####.#######'######..............
.................................
##...............................
#..........)....##...####.....##


You could see a white ugly thing.

Vanquished Creatures
  A frost giant (shapeshifter) (D:14)
  A fire dragon (D:14)
  A great orb of eyes (shapeshifter) (D:14)
  4 hydras
  8 vault guards (D:14)
  3 centaur warriors
  A catoblepas (D:14)
  3 two-headed ogres
  2 death yaks (D:11)
  An unseen horror (D:14)
  An orc knight (D:10)
  A deep elf mage (D:14)
  An orc sorcerer (D:10)
  An ugly thing (D:11)
  3 slime creatures (D:14)
  Psyche (D:9)
  2 kobold demonologists (D:10)
  A freezing wraith (D:14)
  2 tengu conjurers (D:14)
  3 trolls
  A meliai (D:14)
  Grinder (D:4)
  2 dream sheep (D:9)
  2 hippogriffs
  A wraith (D:11)
  8 yaks
  A vampire mosquito (D:14)
  A water moccasin (D:14)
  3 sky beasts
  9 orc warriors
  An eye of draining (D:14)
  An ice beast (D:8)
  5 ogres
  3 phantoms
  3 centaurs
  2 crocodiles
  3 big kobolds (D:9)
  4 bullfrogs
  A gnoll sergeant (D:3)
  2 wyvern zombies
  5 scorpions
  14 killer bees
  4 howler monkeys
  2 crimson imps
  A centaur zombie (D:11)
  3 quasits
  6 hounds
  4 jellies
  11 orc priests
  3 centaur skeletons
  3 iguanas
  5 orc wizards
  13 worker ants
  A hell rat (D:11)
  4 hound zombies
  5 hound skeletons
  Robin (D:1)
  5 gnolls
  16 adders
  A river rat (D:11)
  6 shadow imps
  An adder zombie (D:7)
  An adder skeleton (D:6)
  A worm (D:3)
  A dart slug (D:2)
  8 leopard geckos
  50 orcs
  2 ball pythons (D:4)
  3 giant cockroaches
  9 hobgoblins
  6 jackals
  2 kobolds
  7 quokkas
  10 bats
  5 frilled lizards
  14 goblins
  A leopard gecko skeleton (D:5)
  9 rats
  A spectral orc (D:7)
339 creatures vanquished.

Vanquished Creatures (others)
  A fungus (D:6)
1 creature vanquished.

Grand Total: 340 creatures vanquished

Notes
Turn   | Place    | Note
-------+----------+-------------------------------------------
     0 | D:1      | nikopol the Deep Elf Fire Elementalist began the quest for the Orb.
     0 | D:1      | Reached XP level 1. HP: 10/10 MP: 6/6
   246 | D:1      | Reached XP level 2. HP: 15/15 MP: 6/8
   577 | D:2      | Noticed Robin
   661 | D:2      | Found a white marble altar of Elyvilon.
   706 | D:2      | Reached XP level 3. HP: 13/19 MP: 2/9
   883 | D:2      | Found a deep blue altar of Sif Muna.
   886 | D:2      | Became a worshipper of Sif Muna the Loreminder
  1233 | D:2      | Learned a level 2 spell: Throw Flame
  1237 | D:2      | Learned a level 3 spell: Conjure Flame
  1615 | D:1      | Killed Robin
  1615 | D:1      | Reached XP level 4. HP: 22/24 MP: 3/11
  2020 | D:3      | Reached skill level 4 in Spellcasting
  2021 | D:3      | Found a shimmering altar of Xom.
  2031 | D:3      | Found a shadowy altar of Dithmenos.
  2116 | D:3      | Noticed a gnoll sergeant
  2124 | D:3      | Reached XP level 5. HP: 22/28 MP: 6/13
  2753 | D:3      | Found an opulent altar of Gozag.
  2847 | D:3      | Reached * piety under Sif Muna
  3092 | D:4      | Noticed an ogre
  3098 | D:4      | Noticed Grinder
  3099 | D:4      | Killed an ogre
  3099 | D:4      | Reached skill level 5 in Spellcasting
  3099 | D:4      | Reached skill level 5 in Fire Magic
  3099 | D:4      | Reached XP level 6. HP: 33/33 MP: 5/16
  3504 | D:4      | Killed Grinder
  3504 | D:4      | Reached skill level 6 in Spellcasting
  3504 | D:4      | Reached XP level 7. HP: 37/37 MP: 5/18
  4395 | D:5      | Entered Level 5 of the Dungeon
  5365 | D:6      | Reached ** piety under Sif Muna
  5365 | D:6      | Reached skill level 1 in Short Blades
  5365 | D:6      | Reached skill level 7 in Spellcasting
  5609 | D:6      | Found Ahaciuf's Armour Emporium.
  5703 | D:6      | Noticed Dowan
  5711 | D:6      | Found a staircase to the Ecumenical Temple.
  5712 | D:6      | Noticed Duvessa
  5845 | D:6      | You fall through a shaft for 3 floors!
  5846 | D:9      | Found a shadowy altar of Dithmenos.
  6082 | D:9      | Reached XP level 8. HP: 35/42 MP: 14/20
  6088 | D:9      | Reached skill level 5 in Conjurations
  6221 | D:9      | Found a blossoming altar of Fedhas.
  6404 | D:7      | Reached skill level 1 in Fighting
  6460 | D:7      | Found a sparkling altar of Nemelex Xobeh.
  6635 | D:6      | Found a radiant altar of Vehumet.
  6662 | D:6      | Reached skill level 8 in Spellcasting
  6708 | D:6      | Reached *** piety under Sif Muna
  6768 | D:6      | Learned a level 5 spell: Fireball
  7254 | D:7      | Noticed a hippogriff
  7268 | D:7      | Killed a hippogriff
  7268 | D:7      | Reached skill level 9 in Spellcasting
  7575 | D:7      | Reached XP level 9. HP: 47/47 MP: 13/24
  7759 | D:7      | Found a runed door.
  7767 | D:7      | Noticed a sixfirhy
  7910 | D:7      | Noticed a two-headed ogre
  7925 | D:7      | Killed a two-headed ogre
  7925 | D:7      | Reached **** piety under Sif Muna
  7925 | D:7      | Reached skill level 10 in Spellcasting
  8099 | D:7      | Found a basalt altar of Yredelemnul.
  8464 | D:7      | Found an opulent altar of Gozag.
  9852 | D:9      | Found a burning altar of Makhleb.
  9859 | D:9      | Reached skill level 11 in Spellcasting
  9976 | D:9      | Found an iron altar of Okawaru.
  9992 | D:9      | Noticed Psyche
  9997 | D:9      | Killed Psyche
  9997 | D:9      | Reached XP level 10. HP: 45/52 MP: 14/27
 10127 | D:9      | Found Kick's Magic Scroll Shoppe.
 10140 | D:9      | Bought a scroll of identify for 26 gold pieces
 10140 | D:9      | Bought a scroll of identify for 26 gold pieces
 10140 | D:9      | Bought a scroll of teleportation for 39 gold pieces
 10140 | D:9      | Bought a scroll of remove curse for 39 gold pieces
 10162 | D:9      | Found an ornate altar of the Wu Jian Council.
 10586 | D:9      | Reached skill level 12 in Spellcasting
 10715 | D:9      | Noticed a three-headed hydra
 10721 | D:9      | Killed a three-headed hydra
 10729 | D:9      | Reached ***** piety under Sif Muna
 11020 | D:10     | Entered Level 10 of the Dungeon
 11099 | D:10     | Found a transporter.
 11100 | D:10     | Noticed an orc sorcerer
 11118 | D:10     | Found a transporter.
 11170 | D:10     | Received a gift from Sif Muna
 11516 | D:10     | Reached skill level 10 in Fire Magic
 11608 | D:10     | Noticed a centaur warrior
 11612 | D:10     | Killed a centaur warrior
 11612 | D:10     | Reached skill level 13 in Spellcasting
 11642 | D:10     | Noticed a two-headed ogre
 11717 | D:10     | Killed a two-headed ogre
 11717 | D:10     | Reached XP level 11. HP: 45/56 MP: 16/30
 11869 | D:10     | Noticed a two-headed ogre
 11879 | D:10     | Killed a two-headed ogre
 12042 | D:10     | Found a blossoming altar of Fedhas.
 12086 | D:10     | Noticed an orc knight
 12087 | D:10     | Found a roughly hewn altar of Beogh.
 12128 | D:10     | Killed an orc knight
 12629 | D:10     | Found a staircase to the Orcish Mines.
 12750 | D:11     | Noticed a purple ugly thing
 12760 | D:11     | Noticed a four-headed hydra
 12760 | D:11     | Killed a purple ugly thing
 12970 | D:11     | Killed a four-headed hydra
 12970 | D:11     | Reached skill level 10 in Conjurations
 12980 | D:11     | Noticed a death yak
 12986 | D:11     | Identified Sif Muna's Advanced Steps in Secret Knowledge (Sif Muna gifted it to you on level 11 of the Dungeon)
 12986 | D:11     | Received a gift from Sif Muna
 13498 | D:11     | Noticed a death yak
 13504 | D:11     | Noticed a death yak
 13551 | D:11     | Killed a death yak
 13551 | D:11     | Reached skill level 5 in Dodging
 13551 | D:11     | Reached skill level 14 in Spellcasting
 13551 | D:11     | HP: 1/56 [manticore/volley of spikes (18)]
 13566 | D:11     | Killed a death yak
 13884 | D:10     | Learned a level 2 spell: Ensorcelled Hibernation
 13940 | D:10     | Killed an orc sorcerer
 13989 | D:10     | Noticed a soul eater
 14027 | D:10     | Got a smoking short sword
 14031 | D:10     | Identified the +7 short sword of Ybumyeja {flame, MR- Str+4} (You found it on level 10 of the Dungeon)
 14451 | D:11     | Learned a level 7 spell: Orb of Destruction
 14469 | D:11     | You fall through a shaft for 3 floors!
 14492 | D:13     | Noticed a white ugly thing
 14515 | D:14     | Noticed a vault guard
 14518 | D:14     | Noticed a vault guard
 14520 | D:14     | Killed a vault guard
 14521 | D:14     | Noticed a vault guard
 14521 | D:14     | Noticed a vault guard
 14522 | D:14     | Noticed a vault guard
 14571 | D:14     | Killed a vault guard
 14571 | D:14     | Reached skill level 5 in Stealth
 14571 | D:14     | Reached XP level 12. HP: 25/61 MP: 1/32
 14592 | D:14     | Found a basalt altar of Yredelemnul.
 14768 | D:14     | Reached skill level 15 in Spellcasting
 14783 | D:14     | Noticed a vault guard
 14806 | D:14     | Noticed a fire dragon
 15054 | D:14     | Noticed a catoblepas
 15055 | D:14     | Killed a vault guard
 15065 | D:14     | Killed a catoblepas
 15065 | D:14     | Identified Sif Muna's Reference Book on Captivating Fire (Sif Muna gifted it to you on level 14 of the Dungeon)
 15065 | D:14     | Received a gift from Sif Muna
 15271 | D:14     | Learned a level 9 spell: Fire Storm
 15278 | D:14     | Learned a level 6 spell: Bolt of Fire
 15354 | D:14     | Noticed a vault guard
 15359 | D:14     | Killed a vault guard
 15518 | D:14     | Noticed a vault guard
 15694 | D:14     | Noticed a six-headed hydra
 15771 | D:14     | Noticed a seven-headed hydra
 15783 | D:14     | Killed a seven-headed hydra
 15837 | D:14     | Noticed a centaur warrior
 15904 | D:14     | Killed a centaur warrior
 16025 | D:14     | Found a gate to the Vaults.
 16097 | D:14     | Killed a six-headed hydra
 16097 | D:14     | Reached skill level 16 in Spellcasting
 16194 | D:14     | Killed a fire dragon
 16295 | D:14     | Killed a vault guard
 16602 | D:13     | Noticed a catoblepas
 16602 | D:13     | Noticed a five-headed hydra
 17045 | D:14     | Noticed a dire elephant
 17171 | D:14     | Noticed a frost giant
 17177 | D:14     | Killed a frost giant
 17177 | D:14     | Received a gift from Sif Muna
 17177 | D:14     | Reached XP level 13. HP: 66/66 MP: 13/35
 17377 | D:14     | Got a bound bone amulet
 17379 | D:14     | Identified the amulet of Eru Tapn {Regen+ Dex+3} (You found it on level 14 of the Dungeon)
 17730 | D:14     | Noticed a minotaur
 17733 | D:14     | a minotaur changed into a great orb of eyes
 18179 | D:14     | Slain by a white ugly thing

Vault maps used:
D:1:      dpeg_arrival_houses_and_road, serial_glass, glass_columns_c,
          glass_columns_a, item_on_display_a, minmay_strange_pillars
D:2:      lemuel_blue_sif_altar, lemuel_round_altar, uniq_robin
D:3:      grunt_temple_overflow_open, minivault_14
D:4:      first_bread, uniq_grinder
D:5:      minivault_14
D:6:      old_forge, lemuel_round_altar, minmay_temple_entry_from_below_a,
          serial_shops, shop, uniq_duvessa
D:7:      cheibrodos_shockbox, yredelemnul_forgotten_temple_becter,
          nemelex_xobeh_ov_fountains_minmay, grunt_gozag_breadcrumbs
D:9:      kennysheep_little_box, nicolae_overflow_crystal_walls,
          kennysheep_mini, overflow_temple_1_default, serial_shops, shop,
          hangedman_ranch, nicolae_dithmenos_the_darkroom, uniq_psyche
D:10:     gammafunk_wand_slinger, david_orc_5, hangedman_decor_diamond_cutter,
          minmay_stone_trees_small, fedhas_altar_1
D:11:     dpeg_lair_monsters, special_room, small_statue_intersection
D:14:     minmay_the_grid_net, erik_vaults_2, lemuel_tele_altar

Skill      XL: |  1  2  3  4  5  6  7  8  9 10 11 12 |
---------------+-------------------------------------+-----
Fire Magic     | 4 5 6 7 9 10 11 13 | 13.4
Conjurations   | 2 3 4 6 7 9 11 12 | 12.8
Spellcasting   | 4 5 6 7 9 11 13 14 16 | 16.8
Dodging        | 3 4 5 |  5.9
Stealth        | 3 4 5 |  5.3
Short Blades   | 1 |  1.5
Fighting       | 1 |  1.7
Evocations     | |  0.4

Action                   |  1- 3 |  4- 6 |  7- 9 | 10-12 | 13-15 || total
-------------------------+-------+-------+-------+-------+-------++-------
Melee: Short sword       |       |     8 |    51 |       |       ||    59
 Cast: Flame Tongue      |    67 |    66 |   313 |   363 |     8 ||   817
       Throw Flame       |     3 |    20 |    48 |    34 |     2 ||   107
       Conjure Flame     |       |     6 |    12 |    32 |     1 ||    51
       Fireball          |       |       |     1 |    47 |       ||    48
       Orb of Destructio |       |       |       |     9 |     2 ||    11
       Bolt of Fire      |       |       |       |    21 |    17 ||    38
Evoke: Wand              |       |       |       |     4 |       ||     4
  Use: Scroll            |       |     2 |     7 |     8 |     2 ||    19
  Eat: Chunk             |     2 |     6 |    16 |    18 |     4 ||    46
       Bread ration      |       |       |     1 |     2 |       ||     3
       Fruit             |       |       |       |     3 |       ||     3
Armor: Robe              |     4 |     8 |    59 |    20 |     1 ||    92
Dodge: Dodged            |    25 |    24 |   118 |    78 |     1 ||   246

Table legend:
 A = Spawn XP
 B = Non-spawn XP
 C = Spawn XP percentage of total XP
 D = Spawn monster count
 E = Non-spawn monster count
 F = Spawn count percentage of total count
 G = Total turns spent on level
                    A         B        C        D         E        F      G
               +---------+---------+-------+---------+---------+-------+---------
         Total |       0 |   44254 |   0.0 |       0 |     339 |   0.0 | 18179
               +---------+---------+-------+---------+---------+-------+---------
           D:1 |       0 |      43 |   0.0 |       0 |      18 |   0.0 |   867
           D:2 |       0 |      64 |   0.0 |       0 |      21 |   0.0 |  1124
           D:3 |       0 |     263 |   0.0 |       0 |      30 |   0.0 |  1055
           D:4 |       0 |     609 |   0.0 |       0 |      21 |   0.0 |  1380
           D:5 |       0 |      21 |   0.0 |       0 |       7 |   0.0 |   912
           D:6 |       0 |     858 |   0.0 |       0 |      23 |   0.0 |  1224
           D:7 |       0 |    1954 |   0.0 |       0 |      28 |   0.0 |  2071
           D:8 |       0 |     852 |   0.0 |       0 |      22 |   0.0 |   820
           D:9 |       0 |    3920 |   0.0 |       0 |      31 |   0.0 |  1567
          D:10 |       0 |    6333 |   0.0 |       0 |      46 |   0.0 |  2451
          D:11 |       0 |    4947 |   0.0 |       0 |      35 |   0.0 |   998
          D:13 |       0 |      95 |   0.0 |       0 |       2 |   0.0 |    10
          D:14 |       0 |   24295 |   0.0 |       0 |      55 |   0.0 |  3700
               +---------+---------+-------+---------+---------+-------+---------
